 Dungeon Crawl Stone Soup version 0.17.1-3-g152610e (webtiles) character file.

408 Miyamura the Shield-Bearer (level 7, -5/55 HPs)
             Began as a Formicid Fighter on Feb 28, 2016.
             Slain by a wasp (7 damage)
             ... on level 8 of the Dungeon.
             The game lasted 00:10:31 (5045 turns).

Miyamura the Shield-Bearer (Formicid Fighter)       Turns: 5045, Time: 00:10:32

Health: -5/55      AC:  7    Str: 21      XL:     7   Next: 13%
Magic:  7/7        EV:  7    Int: 14      God:
Gold:   221        SH: 14    Dex:  5 (10) Spells: 0 memorised, 6 levels left

rFire  . . .     SeeInvis +     a - +0 war axe
rCold  . . .     Clarity  +     b - +0 scale mail
rNeg   . . .     SustAt   .     g - +0 large shield
rPois  +         Gourm    .     (helmet unavailable)
rElec  .         Spirit   .     (no cloak)
rCorr  .         Warding  .     (no gloves)
rMut   .         Stasis   +     (no boots)
MR     .....                    u - amulet of clarity
Stlth  ..........               w - ring of protection from magic
                                v - +5 ring of intelligence

@: vulnerable, not resistant to hostile enchantments, extremely unstealthy
A: permanent stasis, dig shafts and tunnels, four strong arms, antennae 3,
poison resistance
a: Dig, Shaft Self


You were on level 8 of the Dungeon.
You were near starving.

You visited 1 branch of the dungeon, and saw 6 of its levels.

You collected 221 gold pieces.

Inventory:

Hand Weapons
 a - a +0 war axe (weapon)
Armour
 b - a +0 scale mail (worn)
 g - a +0 large shield (worn)
Jewellery
 q - an uncursed ring of ice
 u - an amulet of clarity (around neck)
 v - a +5 ring of intelligence (left hand)
 w - a ring of protection from magic (right hand)
Scrolls
 o - 2 scrolls of fog
 s - 2 scrolls of recharging
Potions
 h - 2 potions of brilliance
 l - 3 potions of haste
Comestibles
 c - 4 fruits
 e - 3 bread rations
 k - a slice of pizza
 p - 3 meat rations


   Skills:
 + Level 4.3 Fighting
 + Level 3.3 Axes
 + Level 4.7 Armour
 + Level 2.8 Dodging
 + Level 5.2 Shields


You had 6 spell levels left.
You didn't know any spells.

Dungeon Overview and Level Annotations

Branches:
Dungeon (8/15)
 Temple: D:4-7         Lair: D:8-11

Altars:
Dithmenos
Kikubaaqudgha
Makhleb
Nemelex Xobeh
Ru
Sif Muna
Trog
Vehumet
Xom
Zin

Annotations:
D:4 Eustachio
D:5 Grinder


Innate Abilities, Weirdness & Mutations

You are under a permanent stasis effect.
You can dig through walls and to a lower floor.
Your four strong arms can wield two-handed weapons with a shield.
You have a pair of large antennae on your head (SInv).
Your system is resistant to poisons.


Message History

Read which item? (? for menu, Esc to quit)
Okay, then.
You aren't carrying any items that can be evoked.
Unknown command.
You closely miss the wasp. The wasp stings you!
* * * LOW HITPOINT WARNING * * *
You block the wasp's attack.
You slash the wasp!
The wasp is moderately wounded.
You block the wasp's attack. x2
You miss the wasp.
The wasp is moderately wounded.
You block the wasp's attack. x2
You closely miss the wasp.
The wasp is moderately wounded.
The wasp stings you but does no damage. x2
You barely miss the wasp.
The wasp is moderately wounded.
The wasp stings you but does no damage. The wasp stings you!
You die...

### ... .. ..
...# #.
.....#.######.$
#...........
#.##### #.y@..#
#####.# #


You could see a wasp.

Vanquished Creatures
  An ogre (D:5)
  An orc priest (D:3)
  An orc wizard (D:4)
  3 worker ants (D:4)
  8 adders
  2 oozes (D:2)
  An adder skeleton (D:4)
  4 worms
  4 giant geckos
  11 orcs
  4 giant cockroaches
  10 hobgoblins
  10 jackals
  5 kobolds
  4 quokkas
  3 bats
  8 giant newts
  9 goblins
  9 rats
98 creatures vanquished.

Notes
Turn   | Place    | Note
--------------------------------------------------------------
     0 | D:1      | Miyamura the Formicid Fighter began the quest for the Orb.
     0 | D:1      | Reached XP level 1. HP: 18/18 MP: 1/1
   124 | D:1      | Reached XP level 2. HP: 24/24 MP: 2/2
   403 | D:1      | Reached skill level 4 in Shields
   851 | D:2      | Reached XP level 3. HP: 26/29 MP: 3/3
  1087 | D:2      | Reached skill level 1 in Dodging
  1167 | D:2      | Reached XP level 4. HP: 35/35 MP: 4/4
  1267 | D:2      | Found a sacrificial altar of Ru.
  1267 | D:2      | Found a bloodstained altar of Trog.
  1268 | D:2      | Found a deep blue altar of Sif Muna.
  1674 | D:2      | Found an ancient bone altar of Kikubaaqudgha.
  1941 | D:3      | Found a shadowy altar of Dithmenos.
  1955 | D:3      | Noticed an orc warrior
  2258 | D:3      | Found a radiant altar of Vehumet.
  2291 | D:3      | Found a sparkling altar of Nemelex Xobeh.
  2328 | D:3      | Reached XP level 5. HP: 42/42 MP: 5/5
  2329 | D:3      | Found a burning altar of Makhleb.
  2955 | D:4      | Reached XP level 6. HP: 46/48 MP: 6/6
  3063 | D:4      | Noticed Eustachio
  3647 | D:4      | Found a shimmering altar of Xom.
  4000 | D:4      | Found a glowing silver altar of Zin.
  4260 | D:4      | Reached skill level 5 in Shields
  4664 | D:5      | Entered Level 5 of the Dungeon
  4790 | D:5      | Reached XP level 7. HP: 53/55 MP: 7/7
  4801 | D:5      | Noticed Grinder
  4804 | D:5      | Gained mutation: Your system is resistant to poisons. [potion of beneficial mutation]
  5033 | D:5      | You fall through a shaft for 3 floors!
  5041 | D:8      | HP: 1/55 [wasp (8)]
  5045 | D:8      | Slain by a wasp

Action                   |  1- 3 |  4- 6 |  7- 9 || total
-------------------------+-------+-------+-------++-------
Melee: War axe           |    74 |   352 |    33 ||   459
 Abil: Dig               |       |     1 |       ||     1
       Shaft Self        |       |       |     1 ||     1
  Use: Potion            |       |     4 |     5 ||     9
       Scroll            |       |     4 |     5 ||     9
  Eat: Chunk             |     1 |    12 |       ||    13
